 Dungeon Crawl Stone Soup version 0.15.2 (webtiles) character file.

114 bullock the Sneak (level 4, -2/27 HPs)
             Began as an Octopode Wizard on Nov 29, 2014.
             Killed by divine providence
             ... invoked by an orc priest
              (13 damage)
             ... on Level 3 of the Dungeon.
             The game lasted 00:10:39 (3353 turns).

bullock the Sneak (Octopode Wizard)                 Turns: 3353, Time: 00:10:39

HP  -2/27        AC  1     Str  6      XL: 4   Next: 98%
MP   0/10        EV 14     Int 21      God:
Gold 169         SH  0     Dex 10      Spells:  4 memorised,  2 levels left

rFire  . . .     SeeInvis .     w - -3 dagger (curse)
rCold  . . .     Clarity  .     (no shield)
rNeg   . . .     rCorr    .     b - +0 hat
rPois  .         rRot     .     (no amulet)
rElec  .         Spirit   .     l - +2 ring of evasion
SustAb .         Warding  .     q - ring of regeneration
rMut   .         Stasis   .     (no ring)
Gourm  .                        (no ring)
MR     .....                    (no ring)
                                (no ring)
                                (no ring)
                                (no ring)

@: repel missiles, not resistant to hostile enchantments, fairly stealthy
A: almost no armour, amphibious, 8 rings, constrict 8, camouflage 1, gelatinous
body 1
a: no special abilities


You were on level 3 of the Dungeon.
You were hungry.

You visited 1 branch of the dungeon, and saw 3 of its levels.

You collected 169 gold pieces.

Inventory:

Hand weapons
 s - a +0 falchion of flaming
 w - a cursed -3 dagger (weapon)
Armour
 b - a +0 hat (worn)
Comestibles
 d - 2 bread rations
 k - a beef jerky
Scrolls
 a - 2 scrolls of fog {unknown}
 h - 3 scrolls of identify {unknown}
 j - 4 scrolls of remove curse {unknown}
 m - a scroll of blinking {unknown}
 o - a scroll of enchant weapon {unknown}
 t - 2 scrolls of magic mapping {unknown}
 u - a scroll of recharging {unknown}
Jewellery
 l - a +2 ring of evasion (left tentacle)
 q - a ring of regeneration (right tentacle)
Potions
 e - a potion of lignification {unknown}
 f - a potion of flight {unknown}
 g - a potion of invisibility {unknown}
 i - 2 potions of haste {unknown}
 n - a potion of mutation {unknown}
 p - a potion of cancellation {unknown}
 r - a potion of brilliance {unknown}
Books
 c - a book of Minor Magic

   Spells                             Type                      Level
   *Magic Dart                        Conjuration                  1
   *Blink                             Translocation                2
   Call Imp                           Summoning                    2
   *Repel Missiles                    Charms/Air                   2
   Slow                               Hexes                        2
   *Conjure Flame                     Conjuration/Fire             3
   Mephitic Cloud                     Conjuration/Poison/Air       3


   Skills:
 - Level 2.0 Dodging
 + Level 4.2 Stealth
 + Level 3.6 Spellcasting
 * Level 3.2 Conjurations
   Level 1.0 Summonings
 - Level 1.0 Translocations


You had 2 spell levels left.
You knew the following spells:

 Your Spells              Type           Power        Failure   Level  Hunger
a - Magic Dart            Conj           ###.         3%          1    None
f - Conjure Flame         Conj/Fire      ##......     21%         3    ###....
q - Blink                 Tloc           N/A          14%         2    #......
v - Repel Missiles        Chrm/Air       #.....       21%         2    #......


Dungeon Overview and Level Annotations

Branches:
Dungeon (3/15)

Altars:


Innate Abilities, Weirdness & Mutations

You cannot wear most types of armour.
You are amphibious.
You can wear up to eight rings at the same time.
You can use your tentacles to constrict many enemies at once.
Your skin changes colour to match your surroundings (Stealth).
Your rubbery body absorbs attacks (AC +1).


Message History

Press: ? - help, Shift-Dir - straight line, f/p - orc priest
Aim: an orc priest wearing a leather armour (severely wounded)
The magic dart hits the orc priest.
The orc priest is almost dead.
The orc hits you with a mace. The orc priest hits you.
You closely miss the orc priest. Your grab misses the orc priest.
Your squeeze misses the orc priest.
The orc priest is almost dead.
The orc barely misses you. The magic dart hits you!
Unknown command.
You barely miss the orc priest. Your grab misses the orc priest.
The orc priest is almost dead.
The orc barely misses you. The orc priest closely misses you.
Unknown command.
You barely miss the orc priest. You grab the orc priest.
The orc priest is almost dead.
You constrict the orc priest, but do no damage.
The orc priest invokes the aid of Beogh against you.
Something smites you!
You die...

##..#...........## #.#
#................# #.#
#.###............# #.# ..#
#............# #.# ###
##......)....# #...###
#...........# #.%..o#
#.)........## #..%#o#
######..........o#####...#
o.
........).......@........#
.
..#####.).......o#####...#
#.#
#...)...................
#.#
#.#)<%.......#####...###
#.# #.###.......## # #.#
♣.♣ #......##
#.#♣♣.♣♣#.######
#.........# ###♣♣.♣♣#.#


You could see an orc priest and an orc.

Vanquished Creatures
  4 adders (D:2)
  2 giant geckos (D:1)
  9 orcs
  A giant cockroach (D:3)
  7 hobgoblins
  9 jackals
  6 kobolds
  3 bats
  3 giant newts (D:1)
  13 goblins
  A kobold zombie (D:3)
  3 quokkas
  8 rats
69 creatures vanquished.

Notes
Turn   | Place    | Note
--------------------------------------------------------------
     0 | D:1      | bullock, the Octopode Wizard, began the quest for the Orb.
     0 | D:1      | Reached XP level 1. HP: 11/11 MP: 4/4
   173 | D:1      | Reached XP level 2. HP: 17/17 MP: 0/6
   233 | D:1      | Learned a level 2 spell: Blink
   236 | D:1      | Learned a level 2 spell: Repel Missiles
  1242 | D:1      | Reached XP level 3. HP: 21/21 MP: 5/8
  1247 | D:1      | Learned a level 3 spell: Conjure Flame
  2305 | D:2      | Reached XP level 4. HP: 19/27 MP: 2/9
  2825 | D:2      | Reached skill level 4 in Stealth
  3353 | D:3      | Killed from afar by an orc priest

Action                   |  1- 3 |  4- 6 || total
-------------------------+-------+-------++-------
Melee: Unarmed           |    34 |       ||    34
       Falchion          |     7 |    14 ||    21
       Dagger            |       |     4 ||     4
 Cast: Magic Dart        |    89 |    52 ||   141
       Repel Missiles    |     2 |     1 ||     3
       Blink             |     1 |       ||     1
       Conjure Flame     |       |     1 ||     1
 Stab: Sleeping          |     1 |       ||     1
  Eat: Chunk             |     4 |     3 ||     7
